 Dungeon Crawl Stone Soup version 0.31-a0-1204-ge2c1a860ed (webtiles) character file.

Game seed: 488066533821963060

7 LeprechaunX the Changeling (level 2, -3/18 HPs)
             Began as an Octopode Shapeshifter on Dec 12, 2023.
             Succumbed to a kobold's poison
             ... on level 1 of the Dungeon.
             The game lasted 00:00:27 (288 turns).

LeprechaunX the Changeling (Octopode Shapeshifter)   Turns: 288, Time: 00:00:27

Health: -3/18      AC:  1    Str: 13    XL:     2   Next: 4%
Magic:  2/2        EV: 13    Int: 12    God:
Gold:   27         SH:  0    Dex: 11    Spells: 1/1 levels left

rFire   . .          .
                       - Unarmed
rCold   . . .        (no shield)
rNeg    . . .        (helmet currently unavailable)
rPois   .            (no amulet)
rElec   .            (no ring)
rCorr   .            (no ring)
SInv    .            (no ring)
Will    .....        (no ring)
Stlth   ++           (no ring)
HPRegen 0.23/turn    (no ring)
MPRegen 0.08/turn    (no ring)
                     (no ring)

%: no passive effects
@: lethally poisoned (-3 -> -26), beast-form
A: beast (slay +1), almost no armour, amphibious, 8 rings, camouflage 1,
gelatinous body 1, (nimble swimmer 1), tentacles
a: Begin Untransformation


You were on level 1 of the Dungeon.
You were a hulking beast.
You visited 1 branch of the dungeon, and saw 1 of its levels.

You collected 27 gold pieces.

Inventory:

Missiles
 d - a throwing net
Talismans
 b - a beast talisman
 c - a flux talisman
Scrolls
 e - a scroll of summoning {unknown}
 f - a scroll of vulnerability {unknown}
Potions
 a - 2 potions of lignification
 g - 2 potions of might {unknown}


   Skills:
 + Level 1.2 Fighting
 + Level 0.3 Throwing
 - Level 2.0 Dodging
 + Level 3.1 Unarmed Combat
 * Level 3.2 Shapeshifting


You had one spell level left.
You didn't know any spells.
Your spell library was empty.

Dungeon Overview and Level Annotations

Branches:
Dungeon (1/15)

Altars:

Annotations:
D:1 1 transporter


Innate Abilities, Weirdness & Mutations

You are a hulking beast.
Your limbs bulge with bestial killing power. (Slay +1)
You cannot wear most types of armour.
You are amphibious.
You can wear up to eight rings at the same time.
Your skin changes colour to match your surroundings (Stealth+).
Your rubbery body absorbs attacks. (AC +1, EV +1)
((You are camouflaged when in or above water. (Stealth+)))
You have tentacles for arms and can constrict up to eight enemies at once.


Message History

Found a Fen Folio.
The kobold hits you with a +0 whip of venom.
You are poisoned.
You tentacle-slap the kobold. Your grab misses the kobold.
The kobold is moderately wounded.
You feel very sick.
The kobold hits you with a +0 whip of venom.
You are lethally poisoned!
You barely miss the kobold. Your grab misses the kobold.
You tentacle-slap the kobold.
The kobold is severely wounded.
You feel very sick. The kobold misses you.
You are too injured to fight recklessly!
You are too injured to fight recklessly!
You are too injured to fight recklessly!
You are too injured to fight recklessly!
You are too injured to fight recklessly!
You are too injured to fight recklessly!
You are too injured to fight recklessly!
You are too injured to fight recklessly!
You are too injured to fight recklessly!
You are too injured to fight recklessly!
You are too injured to fight recklessly!
You are too injured to fight recklessly!
You are too injured to fight recklessly!
There is a lethal amount of poison in your body!
Unknown command.
You closely miss the kobold. Your grab misses the kobold.
Your squeeze misses the kobold.
The kobold is severely wounded.
* * * LOW HITPOINT WARNING * * *
You feel very sick.
The kobold hits you with a +0 whip of venom.
* * * LOW HITPOINT WARNING * * *
You are more poisoned.
You tentacle-slap the kobold but do no damage.
Your grab misses the kobold.
The kobold is severely wounded.
You die...

#...................
###..##.##.##..#######
#..................#
#........#.#.....#.###
#......### #..........
#......# #...#......
#......##......#......
###+#......#.#....####
#h##...#.####.....
#.....K.....#. ......
#:......##...# ##.####
#........ .... .......
#........ ... .##.##..
#......... ## #.......
#......### ###.#.....
####### # ..#......
#.#...##....#


You could see a kobold.

Vanquished Creatures
  2 jackals (D:1)
  A ball python (D:1)
  2 bats (D:1)
  A frilled lizard (D:1)
  A kobold (D:1)
  2 rats (D:1)
9 creatures vanquished.

Notes
Turn   | Place    | Note
-------+----------+-------------------------------------------
     0 | D:1      | LeprechaunX the Octopode Shapeshifter began the quest for
                  | the Orb.
     0 | D:1      | Reached XP level 1. HP: 13/13 MP: 1/1
   117 | D:1      | Found a faded altar of an unknown god.
   188 | D:1      | Reached XP level 2. HP: 14/18 MP: 2/2
   288 | D:1      | Succumbed to a kobold's poison

Illustrated notes

Levels and vault maps discovered:
D:1:      spicycebolla_arrival_risky_transporter, layout_basic,
          dreamdust_ecumenical_altar_angels_and_demons

Action                     || total
---------------------------++-------
  Melee: Unarmed           ||    18
         Constrict         ||     2
         Punch             ||     2
         Tentacles         ||     2
   Stab: Sleeping          ||     1
 Armour: Skin              ||    11
  Dodge: Dodged            ||     9

Table legend: (Time is in decaauts)
 A = Elapsed time spent in this place.
 B = Non-inter-level travel time spent in this place.
 C = Inter-level travel time spent in this place.
 D = Time resting spent in this place.
 E = Time spent auto-exploring this place.
 F = Levels seen in this place.
 G = Mean time per level.
                   A        B        C        D        E       F      G
               +--------+--------+--------+--------+--------+-----+--------+
         Total |    287 |    287 |      0 |      0 |    229 |   1 |  287.0 |
       Dungeon |    287 |    287 |      0 |      0 |    229 |   1 |  287.0 |
               +--------+--------+--------+--------+--------+-----+--------+

Top non-repeatable levels by time:
     D:1: 287 daAuts
